 Dungeon Crawl Stone Soup version 0.29.1-15-g9cfb28693d (console) character file.

Game seed: 13891738231374809173

51 om the Magician (level 4, -1/32 HPs)
             Began as a Djinni Fire Elementalist on Feb 21, 2023.
             Slain by a gnoll
             ... wielding a +0 whip
              (3 damage)
             ... on level 1 of the Dungeon on Feb 22, 2023.
             The game lasted 00:03:29 (2019 turns).

om the Magician (Djinni Fire Elementalist)          Turns: 2019, Time: 00:03:30

Health: -1/32      AC:  2    Str:  7    XL:     4   Next: 5%
Gold:   59         EV: 12    Int: 16    God:
                   SH:  0    Dex: 16

rFire   + + .      SeeInvis .   b - +0 dagger
rCold   x . .      Faith    .   (no shield)
rNeg    . . .      Spirit   .   a - +0 robe
rPois   ∞          Reflect  .   (no helmet)
rElec   .          Harm     .   (no cloak)
rCorr   .          Rampage  .   (no gloves)
Will    .....                   (boots unavailable)
Stlth   ++........              (no amulet)
HPRegen 0.10/turn               (no ring)
MPRegen 0.00/turn               (no ring)

@: flying
A: sickness immunity, fire resistance 2, cold vulnerability 1, float, innate
caster, HP casting, extra vitality 1
a: no special abilities


You were on level 1 of the Dungeon.
You visited 1 branch of the dungeon, and saw 2 of its levels.

You collected 59 gold pieces.

Inventory:

Hand Weapons
 b - a +0 dagger (weapon)
Armour
 a - a +0 robe (worn)
Magical Staves
 c - a staff of death
Scrolls
 e - a scroll of blinking {unknown}
Potions
 d - a potion of mutation {unknown}


   Skills:
 * Level 1.1 Fighting
 + Level 2.3 Dodging
 + Level 1.7 Stealth
 + Level 3.3 Spellcasting


You couldn't memorise any spells.
You knew the following spells:

 Your Spells              Type           Power      Damage    Failure   Level
a - Foxfire               Conj/Fire      52%        2x1d6     4%          1
b - Scorch                Fire           26%        2d6       7%          2
c - Conjure Flame         Conj/Fire      13%        6-21      14%         3
d - Inner Flame           Hex/Fire       13%        N/A       14%         3
e - Flame Wave            Conj/Fire      13%        2d6       41%         4
f - Magic Dart            Conj           52%        1d5       4%          1
Your spell library was empty.

Dungeon Overview and Level Annotations

Branches:
Dungeon (2/15)

Altars:


Innate Abilities, Weirdness & Mutations

You are immune to sickness and miasma.
You are immune to poison.
Your flesh is very heat resistant. (rF++)
You are vulnerable to cold. (rC-)
You float through the air rather than walking.
You learn spells naturally, not from books.
Your magical power is your life essence.
You have superior vitality. (+4 MHP)


Message History

The gnoll smothers the flame.
There is a stone staircase leading up here.
The gnoll hits you with a +0 club.
You fly upwards.
There is a stone staircase leading down here.
Casting: Conjure Flame (quite dangerous; 14% risk of failure)
Confirm with . or Enter, or press ? or * to list all spells.
Flames lash the gnoll.
You kill the gnoll!
* * * LOW HITPOINT WARNING * * *
You have reached level 4!
You feel agile.
You start resting.
Your magical contamination has completely faded away.
You start resting.
HP restored.
You fly downwards.
The gnoll hits you with a +0 whip.
There is a stone staircase leading up here.
The gnoll hits you with a +0 whip.
You fly upwards.
There is a stone staircase leading down here.
Casting: Scorch (safe; 7% risk of failure)
Confirm with . or Enter, or press ? or * to list all spells.
Flames lash the gnoll.
The gnoll is heavily wounded.
The gnoll's fire resistance burns away.
The gnoll hits you with a +0 whip!
Casting: Scorch (safe; 7% risk of failure)
Confirm with . or Enter, or press ? or * to list all spells.
Flames lash the gnoll.
The gnoll is burned terribly!
The gnoll is almost dead.
* * * LOW HITPOINT WARNING * * *
The gnoll hits you with a +0 whip.
* * * LOW HITPOINT WARNING * * *
Casting: Scorch (safe; 7% risk of failure)
Confirm with . or Enter, or press ? or * to list all spells.
You don't have enough health to cast this spell.
You closely miss the gnoll.
The gnoll is almost dead.
The gnoll hits you with a +0 whip.
You die...

######### #.......#############
#.#####..............
#.###################
#...................#
###############################.#
...............)@g..#.......# #.#
################.##.#.#####.# #.#
########.##.#.# #.# #.#
#.....##.##.#.# #.###.#
#.....##.##...# #)#...# #
#.....##.###### #.#.###
#########.....##.# #...#..
..............##.# #####.#
...........)..##.# #.#


You could see a gnoll (combustible).

Vanquished Creatures
  A gnoll (D:1)
  A dart slug (D:1)
  3 ball pythons (D:1)
  2 bats (D:1)
  2 endoplasms (D:1)
  A giant cockroach (D:1)
  5 goblins (D:1)
  2 hobgoblins (D:1)
  4 jackals (D:1)
  5 kobolds (D:1)
  A quokka (D:1)
  3 frilled lizards (D:1)
  6 rats (D:1)
36 creatures vanquished.

Vanquished Creatures (others)
  111 foxfires
111 creatures vanquished.

Grand Total: 147 creatures vanquished

Notes
Turn   | Place    | Note
-------+----------+-------------------------------------------
     0 | D:1      | om the Djinni Fire Elementalist began the quest for the
                  | Orb.
     0 | D:1      | om set off with the following spells memorised: Foxfire,
                  | Scorch, Conjure Flame, Inner Flame, Flame Wave.
     0 | D:1      | Reached XP level 1. HP: 15/15 MP: 0/0
   182 | D:1      | Reached XP level 2. HP: 9/21 MP: 0/0
   607 | D:1      | Reached skill level 3 in Spellcasting
   608 | D:1      | Reached XP level 3. HP: 16/26 MP: 0/0
   608 | D:1      | Learned a level 1 spell: Magic Dart
  1322 | D:1      | Reached skill level 1 in Fighting
  1795 | D:1      | Reached XP level 4. HP: 10/32 MP: 0/0
  2019 | D:1      | Slain by a gnoll

Illustrated notes

Levels and vault maps discovered:
D:1:      dpeg_arrival_signposts, layout_basic
D:2:      layout_loops_ring, serial_shops, shop

Skill      XL: |  1  2  3 |
---------------+----------+-----
Spellcasting   | 3 |  3.3
Fighting       | 1 |  1.1
Dodging        | |  2.3
Stealth        | |  1.7

Action                   |  1- 3 |  4- 6 || total
-------------------------+-------+-------++-------
Melee: Dagger            |    12 |     1 ||    13
       Unarmed           |     2 |       ||     2
 Cast: Foxfire           |    63 |       ||    63
       Scorch            |     1 |     2 ||     3
       Conjure Flame     |     1 |       ||     1
Armor: Robe              |     7 |       ||     7
Dodge: Dodged            |    30 |       ||    30
